← All builds
Suicide front / Armada / Factory first / OBSERVED BUILD

Standard suicide front

Bot Lab first into Rocketeer/Centurion/Pawn to contest the middle early and hold until T2 arrives, the role's baseline play.

Usually lab first (62%)

#rush · 1185 distinct matches · 125 players · 71% of Armada Suicide front games · team won 60% of 1411 · Recently observed

HOW TO PLAY IT

Key timing: Bot Lab by 0:20

  1. Open with mex and wind, drop Bot Lab immediately.
  2. Push out first "Centurion" as Pond's boost lands.
  3. Send "Rocketeer", "Centurion", "Pawn" mix to contest middle.
  4. Add Dragon's Teeth and Sentries to hold the line.
  5. Get Advanced Metal Extractor up as T2 nears.

Phase by phase

TYPICAL OF ITS 1185 GAMES
  1. 1
  2. 2
  3. 3
PLAY THE OPENING

Follow the example game's first 6:00 step by step: what to build now, what comes next, and where it goes. At 1× it keeps pace with your own game.

  1. 1

    Bot Lab first

    Order
    1. Bot LabBot Lab done ~0:20, middle half 0:20–0:33

    Some games also: mex (37%)

  2. 2

    Bot Lab to 5:00

    Economy
    • Metal Extractor5Mex
    • Wind Turbine4Wind
    Builders
    • Construction Bot3 Con bot
    • Lazarus2 Lazarus
    Army
    • Sentry4 Sentry
    • Rocketeer18 Rocketeer
    • Tick2 Tick
    • Centurion1 Centurion
    Other
    • Radar Tower1 Radar Tower

    Some games also: con turret (35%) · pawn (31%)

    By 5:00 in all: 5 mex · 5 wind

    The example game in this phase · 43 steps
    1. Construction BotCon bot
    2. SentrySentry
    3. Construction BotCon bot
    4. Mex
    5. Construction BotCon bot
    6. SentrySentry
    7. CenturionCenturion ×2
    8. Wind
    9. SentrySentry
    10. Mex
    11. SentrySentry
    12. LazarusLazarus
    13. Wind
    14. LazarusLazarus
    15. SentrySentry
    16. RocketeerRocketeer
    17. Wind
    18. RocketeerRocketeer ×3
    19. Wind
    20. SentrySentry
    21. RocketeerRocketeer
    22. SentrySentry
    23. Construction BotCon bot
    24. SentrySentry
    25. Wind
    26. Dragon's TeethDragon's Teeth
    27. LazarusLazarus
    28. RocketeerRocketeer
    29. SentrySentry
    30. Wind
    31. SentrySentry
    32. RocketeerRocketeer
    33. SentrySentry
    34. RocketeerRocketeer ×2
    35. Wind
    36. RocketeerRocketeer
    37. SentrySentry
    38. Construction BotCon bot
    39. LazarusLazarus
    40. Wind
    41. RocketeerRocketeer ×3
    42. Wind
    43. RocketeerRocketeer
  3. 3

    5:00 to 10:00

    Economy
    • Metal Extractor1Mex
    • Wind Turbine17Wind
    Builders
    • Construction Turret2 Con turret
    • Lazarus2 Lazarus
    • Construction Bot1 Con bot
    Army
    • Sentry1 Sentry
    • Rocketeer8 Rocketeer
    • Pawn1 Pawn

    Some games also: tick (48%) · Radar Tower (47%) · energy storage (46%) · centurion (45%) · Beamer (38%)

    By 10:00 in all: 6 mex · 23 wind · 1 energy storage · 3 con turret

    The example game in this phase · 79 steps
    1. SentrySentry
    2. RocketeerRocketeer
    3. Construction BotCon bot
    4. Wind
    5. LazarusLazarus
    6. RocketeerRocketeer ×2
    7. SentrySentry
    8. RocketeerRocketeer ×2
    9. Wind
    10. RocketeerRocketeer
    11. Construction BotCon bot
    12. Wind
    13. LazarusLazarus
    14. RocketeerRocketeer
    15. BeamerBeamer
    16. RocketeerRocketeer
    17. Wind
    18. RocketeerRocketeer ×3
    19. Construction BotCon bot
    20. LazarusLazarus
    21. Wind
    22. RocketeerRocketeer ×4
    23. Con turret
    24. RocketeerRocketeer
    25. Energy storage
    26. Construction BotCon bot
    27. LazarusLazarus
    28. Con turret
    29. SentrySentry
    30. RocketeerRocketeer ×2
    31. Mex
    32. RocketeerRocketeer ×3
    33. SentrySentry
    34. Construction BotCon bot
    35. LazarusLazarus
    36. Wind ×2
    37. Advanced Bot LabAdvanced Bot Labdone 9:09
    38. Wind ×2
    39. PawnPawn
    40. Radar TowerRadar Tower
    41. PawnPawn
    42. SentrySentry
    43. PawnPawn
    44. Wind ×3
    45. PawnPawn
    46. SentrySentry
    47. Wind
    48. PawnPawn
    49. Wind
    50. PawnPawn
    51. SentrySentry ×2
    52. Wind ×2
    53. Advanced Construction BotT2 con bot
    54. Wind
    55. BeamerBeamer
    56. Wind ×2
    57. Advanced Construction BotT2 con bot
    58. Wind
    59. Advanced Metal ExtractorT2 mexdone 9:57 · typical 9:37
    60. Wind ×4
    61. SharpshooterSniper botdone 10:46
    62. BeamerBeamer
    63. Wind ×5
    64. Advanced Metal ExtractorT2 mex
    65. Wind ×4
    66. Advanced Metal ExtractorT2 mex
    67. Wind ×9
    68. SharpshooterSniper bot
    69. Wind ×2
    70. Advanced Metal ExtractorT2 mex
    71. JunoJuno
    72. Wind ×7
    73. RattlesnakeRattlesnakedone 12:28
    74. Wind ×2
    75. RattlesnakeRattlesnake
    76. Wind ×3
    77. GhostGhost
    78. SharpshooterSniper bot
    79. Wind ×18

Counts are medians over the build's games: half of them build more, half fewer. The example game is Fruit_'s (41 OS, 02/09/2026); pick another.

Team trades

IN AT LEAST 30% OF ITS GAMES

You hand over

Nothing regular.

You get

  • Tidal Generator4 Tidal from Pondfirst at 0:10 · in 69% of games
  • Advanced Construction Bot1 T2 con bot from Geo or Techfirst at 7:30 · in 58% of games

How it plays out

Typical game of this build, running totals by minute

Metal produced

010k20k30k
0:005:0010:0015:00

metal

Enemy metal destroyed

05k10k
0:005:0010:0015:00

metal

Own metal lost

05k10k
0:005:0010:0015:00

metal

1411 games.

Show as table
ByMetal produced: This buildEnemy metal destroyed: This buildOwn metal lost: This build
1:0022600
2:0088900
3:002056172106
4:003161660486
5:00423614131020
6:00543023271785
7:00666131792732
8:00791040353631
9:00929848164516
10:001068854265336
11:001224158986080
12:001402465176842
13:001604270137523
14:001796976808336
15:002029783029228
WHAT THE NUMBERS SAY

Standard suicide front play wins slightly more than half its games with fast kills but also fast losses, matching the raw grind of the role.

  • + First kill lands by 2:04 in all games
  • + Metal produced reaches 19882 by 15:00
  • − Own metal lost hits 9208 by 15:00, near metal destroyed of 8172
  • − First unit lost as early as 2:08 in every game
THE EXAMPLE YOU ARE READING

Fruit_

41.2 OS · 02/09/2026

Open source match ↗

53 received units · includes a constructor
127 metal received · 36317 energy received

Allied construction assistance is unknown. Timings are observations, not a promise of solo reproducibility.

Typical milestones

Bot Lab0:20Middle 50%: 0:20–0:33 · n=1405
Advanced Metal Extractor9:37Middle 50%: 8:41–10:48 · n=1035

Played most by

_X_252games of this buildPlatinumBlonde166games of this buildXad109games of this buildImmort62games of this buildwatermeloans58games of this build